 Dungeon Crawl Stone Soup version 0.27-a0-1180-g7fc4abc71e (webtiles) character file.

Game seed: 13602603711951419318

81 Glokmah the Chopper (level 4, -2/33 (35) HPs)
             Began as a Demonspawn Gladiator on May 17, 2021.
             Was a Follower of Cheibriados.
             Slain by Crazy Yiuf
             ... wielding a +3 quarterstaff of chaos
              (6 damage)
             ... on level 2 of the Dungeon.
             The game lasted 00:02:55 (1952 turns).

Glokmah the Chopper (Demonspawn Gladiator)          Turns: 1952, Time: 00:02:55

HP:   -2/33 (35)    AC:  7    Str: 17    XL:     4   Next: 20%
MP:   4/4           EV: 11    Int: 12    God:    Cheibriados [*.....]
Gold: 35            SH:  0    Dex: 16    Spells: 3/3 levels left

rFire    . . .     SeeInvis .   a - +0 war axe
rCold    . . .     Faith    .   (no shield)
rNeg     . . .     Spirit   .   e - +0 ring mail
rPois    .         Reflect  .   c - +0 helmet
rElec    .         Harm     .   (no cloak)
rCorr    .         Rampage  .   (no gloves)
Will     .....                  (no boots)
Stlth    +.........             (no amulet)
HPRegen  0.11/turn              (no ring)
MPRegen  0.18/turn              (no ring)

@: drained, very slow
A: rugged brown scales 1, magic regeneration
a: Renounce Religion, Bend Time


You were on level 2 of the Dungeon.
You worshipped Cheibriados.
Cheibriados was aware of your devotion.
You visited 1 branch of the dungeon, and saw 2 of its levels.

You collected 35 gold pieces.

Inventory:

Hand Weapons
 a - a +0 war axe (weapon)
Missiles
 d - 2 throwing nets (quivered)
Armour
 b - a +0 leather armour
 c - a +0 helmet (worn)
 e - a +0 ring mail (worn)
 i - a +1 chain mail of positive energy
Scrolls
 f - 2 scrolls of identify {unknown}
 j - a scroll of enchant armour {unknown}
 k - a scroll of fear {unknown}
Potions
 g - a potion of attraction {unknown}
 h - 2 potions of curing {unknown}


   Skills:
 + Level 2.8 Fighting
 * Level 3.8 Axes
 - Level 1.7 Throwing
 + Level 1.4 Armour
 - Level 2.6 Dodging


You had 3 spell levels left.
You didn't know any spells.
Your spell library was empty.

Dungeon Overview and Level Annotations

Branches:
Dungeon (2/15)

Altars:
Cheibriados

Annotations:
D:2 Crazy Yiuf


Innate Abilities, Weirdness & Mutations

You are partially covered in rugged brown scales. (AC +1, +3% HP)
You regenerate magic rapidly.


Message History

The worm barely misses you.
You slash the worm!
The worm is almost dead.
The worm bites you!
You hit the worm.
You kill the worm!
You see here a worm corpse.
You start resting.
HP restored.
You see here a worm corpse.
You see here a +0 mace.
Found a mace.
Found a runed translucent door.
Crazy Yiuf shouts!
You open the door. You hit Crazy Yiuf.
Crazy Yiuf is moderately wounded.
Crazy Yiuf hits you with a +3 quarterstaff of chaos!
You barely miss Crazy Yiuf.
Crazy Yiuf is moderately wounded.
Crazy Yiuf hits you with a +3 quarterstaff of chaos.
You feel drained.
You closely miss Crazy Yiuf.
Crazy Yiuf is moderately wounded.
Crazy Yiuf closely misses you.
Crazy Yiuf hits you with a +3 quarterstaff of chaos!
You convulse.
You barely miss Crazy Yiuf.
Crazy Yiuf is moderately wounded.
Crazy Yiuf closely misses you.
You slash Crazy Yiuf!
Crazy Yiuf is almost dead.
Crazy Yiuf cries, "Key aubergine pizzabubble!"
Crazy Yiuf hits you with a +3 quarterstaff of chaos.
You feel drained.
You barely miss Crazy Yiuf.
Crazy Yiuf is almost dead.
Crazy Yiuf hits you with a +3 quarterstaff of chaos.
* * * LOW HITPOINT WARNING * * *
Crazy Yiuf hits you with a +3 quarterstaff of chaos.
You die...

##### #)..# #...#
... #g# ♣@♣♣ ♣♣.♣
♣.♣♣ ♣♣.♣ ## ♣♣.♣♣
... ♣♣...♣ ....
♣.)..♣ ### ....#
..... #.)..# #.##
...###
......####....###..#
......


You could see Crazy Yiuf.

Vanquished Creatures
  Terence (D:2)
  2 worms (D:2)
  4 ball pythons
  3 endoplasms
  A giant cockroach (D:1)
  4 goblins
  5 hobgoblins
  8 jackals
  A quokka (D:1)
  5 bats
  A frilled lizard (D:1)
  5 kobolds
  5 rats
45 creatures vanquished.

Notes
Turn   | Place    | Note
-------+----------+-------------------------------------------
     0 | D:1      | Glokmah the Demonspawn Gladiator began the quest for the
                  | Orb.
     0 | D:1      | Reached XP level 1. HP: 16/16 MP: 1/1
   333 | D:1      | Reached skill level 3 in Axes
   335 | D:1      | Gained mutation: You are partially covered in rugged brown
                  | scales. (AC +1, +3% HP) [demonic ancestry]
   335 | D:1      | Reached XP level 2. HP: 15/22 MP: 2/2
  1165 | D:1      | Reached skill level 1 in Armour
  1315 | D:1      | Gained mutation: You regenerate magic rapidly. [demonic
                  | ancestry]
  1315 | D:1      | Reached XP level 3. HP: 25/28 MP: 3/3
  1404 | D:2      | Found a snail-covered altar of Cheibriados.
  1410 | D:2      | Noticed Terence
  1417 | D:2      | Killed Terence
  1426 | D:2      | Became a worshipper of Cheibriados the Contemplative
  1460 | D:2      | Found a faded altar of an unknown god.
  1688 | D:2      | Reached XP level 4. HP: 35/35 MP: 4/4
  1838 | D:2      | Reached * piety under Cheibriados
  1942 | D:2      | Found a runed translucent door.
  1943 | D:2      | Noticed Crazy Yiuf
  1952 | D:2      | Slain by Crazy Yiuf

Illustrated notes

Levels and vault maps discovered:
D:1:      dpeg_arrival_tiny_i, layout_loops_corners, st_stairs_7
D:2:      layout_basic, basic_altar, hellmonk_ecumenical_altar_arch_garden,
          uniq_crazy_yiuf_cottage, uniq_terence

Skill      XL: |  1  2 |
---------------+-------+-----
Axes           | 3 |  3.8
Armour         | 1 |  1.4
Fighting       | |  2.8
Throwing       | |  1.7
Dodging        | |  2.6

Action                   |  1- 3 |  4- 6 || total
-------------------------+-------+-------++-------
Melee: War axe           |   112 |    30 ||   142
Throw: Throwing net      |     1 |       ||     1
Armor: Ring mail         |    53 |     8 ||    61
       Leather armour    |    11 |       ||    11
Dodge: Dodged            |    94 |    11 ||   105

Table legend: (Time is in decaauts)
 A = Elapsed time spent in this place.
 B = Non-inter-level travel time spent in this place.
 C = Inter-level travel time spent in this place.
 D = Time resting spent in this place.
 E = Time spent auto-exploring this place.
 F = Levels seen in this place.
 G = Mean time per level.
                   A        B        C        D        E       F      G
               +--------+--------+--------+--------+--------+-----+--------+
         Total |   2055 |   2037 |     18 |    267 |   1317 |   2 | 1027.5 |
       Dungeon |   2055 |   2037 |     18 |    267 |   1317 |   2 | 1027.5 |
               +--------+--------+--------+--------+--------+-----+--------+

Top non-repeatable levels by time:
     D:1: 1435 daAuts
     D:2: 619 daAuts
